Cogmind - Beta 14 @@@ ROGUE MODE // 2025.01.03 @ 18:26:04 // Winter2022/Polymind Player: Demo Result: Destroyed by as-62044 with Assembled Rifle Performance ------------- Evolutions (0) 0 Regions Visited (0) 0 Robots Destroyed (1) 5 Value Destroyed (1) 1 Prototype IDs (0) 0 Alien Tech Used (0) 0 Bonus (680) 680 TOTAL SCORE: 226 Bonus ------- Polymind Skill 680 Cogmind --------- Core Integrity 0/250 Matter 100/100 Energy 50/50 System Corruption 0% Temperature Cool (0) Movement Hovering (60) Location -11/Scrapyard Parts ------- > --- POWER (0) -------- (None) > --- PROPULSION (1) --- Assembled Hover Unit > --- UTILITY (0) ------ (None) > --- WEAPON (1) ------- Assembled Blade > --- INVENTORY (1) ---- (None) Peak State ------------ > --- POWER ------------ Light Ion Engine > --- PROPULSION ------- Wheel Wheel > --- UTILITY ---------- Improved Terrain Scanner Seismic Detector > --- WEAPON ----------- Mining Laser > --- INVENTORY -------- (None) [Rating: 8] Favorites ----------- Power Light Ion Engine Engine Light Ion Engine Propulsion Wheel Wheel Wheel Hover Unit Assembled Hover Unit Utility Improved Terrain Scanner Device Improved Terrain Scanner Weapon Mining Laser Special Weapon Mining Laser Impact Weapon Assembled Maul Slashing Weapon Assembled Blade Build | -11 ------- Run | Yrd Slots Evolved . | . Power . | . Propulsion . | . Utility . | . Weapon . | . Parts Attached . | . Power . | . Engine . | . Core . | . Reactor . | . Propulsion . | . Treads . | . Leg . | . Wheel . | . Hover . | . Flight . | . Utility . | . Device . | . Storage . | . Processor . | . Hackware . | . Protection . | . Artifact . | . Weapon . | . Energy Gun . | . Energy Cannon . | . Ballistic Gun . | . Ballistic Cannon . | . Launcher . | . Special Weapon . | . Impact Weapon . | . Slashing Weapon . | . Piercing Weapon . | . Special Melee Weapon . | . Unidentified Prototypes . | . Parts Lost 2 | 2 Power . | . Propulsion 1 | 1 Utility . | . Weapon 1 | 1 Highest Loss Streak 2 | 2 To Critical Strikes . | . Average Slot Usage (%) . | . Peak Build Rating 8 | 8 Average Rating 7 | 7 On Entrance . | . Naked Turns . | . Heaviest Build 6 | 6 Greatest Support 20 | 20 Greatest Overweight (x) . | . Average Overweight (x) . | . Largest Inventory Capacity 1 | 1 Average Capacity . | . Most Carried . | . Average Carried . | . Final Capacity 1 | 1 Final Carried . | . Class Distribution -------------------- None Dominant Class ---------------- None Resources | -11 ----------- Run | Yrd Matter Collected . | . Remotely . | . Salvage Created 10 | 10 Parts . | . Haulers Intercepted . | . Recyclers Shooed . | . Parts Field Recycled . | . Retrieved Matter . | . Parts Self-Destructed . | . Prevented . | . Kills | -11 ------- Run | Yrd Combat Hostiles Destroyed . | . Classes Destroyed 1 | 1 Worker 1 | 1 Best Kill Streak 1 | 1 Combat Bots Only . | . Max Kills in Single Turn 1 | 1 Gunslinging . | . Exploded . | . Melee . | . Uniques/NPCs Destroyed . | . Combat | -11 -------- Run | Yrd Hostile Shots Fired 29 | 29 Missed 10 | 10 Damage Taken 437 | 437 Core 261 | 261 Absorbed by Shields . | . Core Remaining (%) . | . Volleys Fired 10 | 10 Largest 1 | 1 Hottest 100 | 100 Shots Fired 10 | 10 Gun . | . Cannon . | . Launcher . | . Special 10 | 10 Kinetic . | . Thermal 10 | 10 Explosive . | . Electromagnetic . | . Robot Hit Streak . | . Robot Miss Streak . | . Penetration Max . | . Secondary Targets . | . Shots Hit Robots 2 | 2 Core Hits . | . Critical Kills . | . Critical Parts Destroyed . | . Critical Strikes . | . Melee Attacks 3 | 3 Impact 3 | 3 Slashing . | . Piercing . | . Sneak Attacks 1 | 1 Combat Hostiles . | . Follow-up Attacks . | . Damage Inflicted 102 | 102 Guns . | . Cannons . | . Explosions . | . Melee 102 | 102 Ramming . | . Kinetic . | . Thermal . | . Explosive . | . Electromagnetic . | . Impact 102 | 102 Slashing . | . Piercing . | . Highest Corruption . | . Average Corruption . | . Corruption Purged . | . Corruption Blocked . | . Overload Shots . | . Overflow Damage 25 | 25 Projectiles . | . Explosions . | . Melee 25 | 25 Knockbacks 1 | 1 Impact 1 | 1 Kinetic . | . Secondary . | . Self-Inflicted Damage . | . Shots . | . Rammed . | . Targets Rammed . | . Kicked . | . Crushed . | . Highest Temperature 285 | 285 Average Temperature 100 | 100 Received Heat Transfer . | . Siege Activations . | . Robots Corrupted . | . Combat Hostiles . | . Parts Fried 1 | 1 Impact Corruptions 1 | 1 Robots Melted . | . Combat Hostiles . | . Parts Melted . | . Heat Transferred . | . Parts Sabotaged . | . Parts Stolen . | . Parts Stripped . | . Power Chain Reactions . | . Alert | -11 ------- Run | Yrd Peak Influence 15 | 15 Initial . | . Average . | . Maximum Alert Level . | . Low Security (%) 100 | 100 Level 1 . | . Level 2 . | . Level 3 . | . Level 4 . | . Level 5 . | . High Security . | . Max Security . | . Squads Dispatched . | . Investigation . | . Extermination . | . Reinforcement . | . Assault . | . Garrison . | . Intercept . | . Searches Triggered . | . Construction Impeded . | . Haulers Reinforced . | . Active Scanning Responses . | . Cargo Convoy Interrupts . | . Stealth | -11 --------- Run | Yrd Distress Signals . | . Communications Jammed . | . Distress Signals . | . Times Spotted 36 | 36 Peak Tracking Total 20 | 20 Tactical Retreats 1 | 1 Traps | -11 ------- Run | Yrd Traps Triggered . | . Indirectly . | . Trap Hack Attempts . | . Triggered . | . Disarmed . | . Reprogrammed . | . Reused . | . Traps Extracted . | . Installed . | . Triggered . | . Machines | -11 ---------- Run | Yrd Machines Disabled . | . Max in Single Turn . | . Machines Repaired . | . Machines Dismantled . | . Machines Sabotaged . | . Overloaded Fab Kills . | . Hacking | -11 --------- Run | Yrd Machines Accessed . | . Terminals . | . Fabricators . | . Repair Stations . | . Recycling Units . | . Scanalyzers . | . Garrison Access . | . Total Hacks . | . Successful . | . Failed . | . Catastrophic . | . Database Lockouts . | . Manual . | . Terminals . | . Fabricators . | . Repair Stations . | . Recycling Units . | . Scanalyzers . | . Garrison Access . | . Terminal Hacks . | . Fabricator Hacks . | . Repair Station Hacks . | . Recycling Unit Hacks . | . Scanalyzer . | . Garrison Access Hacks . | . Unauthorized Hacks . | . Terminals . | . Fabricators . | . Repair Stations . | . Recycling Units . | . Scanalyzers . | . Garrison Access . | . Data Cores Recovered . | . Used . | . Hacking Detections . | . Full Trace Events . | . Feedback Events . | . Feedback Blocked . | . Robot Schematics Acquired . | . Robots Built . | . Authchips . | . Time . | . Total Robot Build Rating . | . Part Schematics Acquired . | . Parts Built . | . Authchips . | . Time . | . Total Part Build Rating . | . Parts Repaired . | . Time . | . Parts Recycled . | . Recycled Matter . | . Retrieved Matter . | . Retrieved Components . | . Parts Scanalyzed . | . Part Schematics Acquired . | . Parts Damaged . | . Bothacking | -11 ------------ Run | Yrd Used RIF Installer . | . Robots Hacked . | . Non-combat . | . Combat . | . Robot Hacks Applied . | . Relay Couplers Released . | . Fabnet Peak Effective % . | . Robots Rewired . | . Allies Hacked . | . Hacks Repelled . | . Allies | -11 -------- Run | Yrd Total Allies . | . Largest Group . | . Highest-Rated Group . | . Highest-Rated Ally . | . Total Orders . | . Ally Attacks . | . Total Damage . | . Kills . | . Allies Corrupted . | . Allies Melted . | . Intel | -11 ------- Run | Yrd Robot Analysis Total 2 | 2 Derelict Logs Recovered . | . Drone Launches . | . Drone Recoveries . | . Exploration | -11 ------------- Run | Yrd Turns Passed 1351 | 1351 Spaces Moved 886 | 886 Core 19 | 19 Treads . | . Legs . | . Wheels 844 | 844 Hover 23 | 23 Flight . | . Fastest Speed 50 | 50 Average Speed 78 | 78 Slowest Speed 80 | 80 Overloaded Moves . | . Propulsion Burnouts . | . Robots Hopped . | . Cave-ins Triggered . | . Exploration Rate (%) 46 | 46 Regions Visited . Branch Regions . Pre-discovered Areas . | . Known Exits Taken . | . Unknown Exits Taken . | . Scrap Searched . | . Spaces Dug 8 | 8 Terrain Destroyed 8 | 8 Melee . | . Projectile 8 | 8 AOE . | . Terrain Rammed . | . Walls Destroyed . | . Machines Disabled . | . Actions | -11 --------- Run | Yrd Total 1502 | 1502 Wait 44 | 44 Move 886 | 886 Hop . | . Pick Up . | . Fast Attach . | . Attach . | . Detach . | . Swap . | . Drop . | . Fire 10 | 10 Melee 3 | 3 Ram . | . Kick . | . Crush . | . Escape Stasis . | . Rewire . | . Trap . | . Miscellaneous 559 | 559 Route ------- -11/Scrapyard (discovered 1 exit: [*Mat]) History --------- Turn | Location | Event 3 | -11/Scrapyard | Discovered new exit (range 14) 1322 | -11/Scrapyard | Assembled infested the area 1347 | -11/Scrapyard | Core integrity fell below 50% 1351 | -11/Scrapyard | Core integrity fell below 20% 1352 | -11/Scrapyard | Destroyed by as-62044 with Assembled Rifle Last Messages --------------- 01324_ Released control of T-07 Excavator. 01324_ Took control of as-61132. 01324_ Extracted analysis data for Assembled. 01325_ K-01 Serf collects debris. 01325_ T-07 Excavator reactivates. 01325_ T-07 Excavator is excavating. 01329_ as-62338 sneak attacks. 01329_ T-07 Excavator destroyed. 01329_ K-01 Serf collects debris. 01329_ Sneak attack on K-01 Serf. 01329_ Destroyed Wheel. 01329_ K-01 Serf system corrupted by crushing effect. 01329_ Sml. Matter Pod fried. 01329_ K-01 Serf destroyed. 01341_ Asb. Hover Unit destroyed. 01345_ as-82396 knocked back. 01349_ Asb. Maul destroyed. 01349_ Lost control of as-61132. 01351_ Took control of as-82396. Map ----- +----------------------------------------------------+ | #???#????#?????????#####?##????????????????????? | | #?##????#?????????## "## ##???????????????????? | | #???????????#??##?# " #??#????????????????? | | #?##??#??###??????# " #???????????????????? | | #?##????## ######## " ##??##??????????????? | | ######### # ## " #?#?????????????????? | | ## ##### " #????????#??????????? | | ### #### ####??#???????????????? | | #?# ######### ##?### ##?#???????????????????? | | ##?# #?????### ##??## ##?#??????????#?????????? | | #??# ##?##??# #???## ##?#???#????????????????? | | # ## #??#?#### ##?#?# ########?????????#?????? | | ???# ###########?####*%= #?????#?????#??#? | | ???# ##### ## ###?#???#???#????? | | #?## #?# % ### #?##?#????#??????? | | ???# # #### # ##?# # ##?## #?#?#?#?##??#????? | | ?# # ##?## # #?## ####?#?# #####????????????? | | ?#?# ##???# # ### ######### #???????#????????? | | #### #?#??# # ## # #???########??#?????????#??? | | ### #????# # # ## #???#???##????#?#??#??#????? | | #????# # ### #?########???#???#??????#??# | | ##??## # #### #?# ###?#?#?#??####??#? | | ##?## #??# #### #### ######??### #???? | | #?#?## # ##?# ##?## ### #### ##??# | | ##??# ## #### ##### ######## #### # #??? | | ##??### a a ## ## ####? | | #????### aa aa #? | | #????#?# #################### ## ######? | | ##?#?#?###?????#???????#?# ### ##???#?# | | #### #???????#??????##??####### # #?# #?#????? | | ???# #????#####?#???##?## #?# #??????? | | ??# #? ? #?#?#?????## #?# #?#####? | | ??# #??? ##??#?##???###### ####?# #??????# | | ?# # #???????????????# #??#?# #?##???? | | ?# #? #?#??#???????#??# #???## #?#???## | | # # #?? ?????#?##### ###### ## #?##? | | # # #?????? ?# # #??#?? | | #????##??????### # ???# | | # # ## ? ?????????# ##### ###????? | | # # #???#??????#?#?# #?#?# #???#??? | | #### ##########??????#??????## #???# #?####?? | | # #?????? ??#????####??# #?#?# #?## ##? | | # ##????????????????#??? #???# ### #?? | | # % ########## ########### ##??# ## #?? | | # #???# ## # #?? | | ######### ???# ## # #?? | | % ##########??????????????????## # # ##? | | # < #?????????????#??????????????# #? | | # #???#????????????#???????????# ### ##? | | ####### ##??#????#????##????????##???#####?# #?# | +----------------------------------------------------+ Best States ------------- Heat Dissipation 35 Energy Generation 20 Energy Capacity 100 Matter Stores 100 Matter Capacity 100 Sight Range 16 Terrain Scan Range 16 Terrain Scan Density 10 Evasion (%) 53 Item Schematics ----------------- None Robot Schematics ------------------ None Fabricated ------------ Nothing Alien Tech Used ----------------- None Achievements -------------- None Challenges ------------ None Polymind | -11 ---------- Run | Yrd Hosts 3 | 3 Combat Hostiles 2 | 2 Allies . | . Unique Host Classes 2 | 2 Average Host Suspicion 7 | 7 Unsuspicious Activity 2833 | 2833 Returns to Shadow . | . Fuzzy Dispatches . | . Protomatter Created 14 | 14 Used 37 | 37 Decayed 14 | 14 Highest Spend 16 | 16 Game ------ Seed WarpTiamatMace Manual? 0 Play Time 00:07:42 Cumulative 120.8 hours Start 2025.01.03 @ 18:22:13 End 2025.01.03 @ 18:26:04 Sessions 0 Manual Loads 0 Difficulty Rogue Special Mode Winter2022/Polymind Game No. 144 Rogue 144 Adventurer 0 Explorer 0 Win Type - Total 1 Types 1/0/0/0/0/0/0/0/0 Lore% 52 Gallery% 67 Achievement% 53 Wizard Run 0 Options --------- Layout 1 ASCII 0 Keyboard 0 Movement Numpad Keybinds 0 Fullscreen 1 Font 24/Smallcaps Map View 50x35 Zoom Use 0% Tactical HUD 1 Map Filters NONE Filters NONE Steam 1 RUN: 17a921fe-f556-4468-8adb-f3a93f6f4f94